 Dungeon Crawl Stone Soup version 0.23.2-1-ga50397a (webtiles) character file.

Game seed: 17935662394225967466

103 Borgoz the Skirmisher (level 4, -5/29 HPs)
             Began as a Gargoyle Monk on May 26, 2019.
             Was a Believer of Okawaru.
             Slain by an iguana (7 damage)
             ... on level 5 of the Dungeon.
             The game lasted 00:03:10 (2792 turns).

Borgoz the Skirmisher (Gargoyle Monk)               Turns: 2792, Time: 00:03:11

Health: -5/29      AC: 10    Str: 14    XL:     4   Next: 79%
Magic:  2/4        EV: 13    Int: 11    God:    Okawaru [**....]
Gold:   98         SH:  0    Dex: 13    Spells: 3/3 levels left

rFire    . . .     SeeInvis .   a - +0 falchion
rCold    . . .     Gourm    .   (no shield)
rNeg     + . .     Faith    .   i - +0 scale mail
rPois    ∞         Spirit   .   (no helmet)
rElec    +         Reflect  .   (no cloak)
rCorr    .         Harm     .   (no gloves)
MR       .....                  (no boots)
Stlth    ++........             (no amulet)
HPRegen  0.09/turn              (no ring)
MPRegen  0.09/turn              (no ring)

@: heroism
A: negative energy resistance 1, electricity resistance, unbreathing,
petrification resistance, rot immunity, AC +3
a: Heroism, Renounce Religion


You were on level 5 of the Dungeon.
You worshipped Okawaru.
Okawaru was pleased with you.
You were not hungry.

You visited 1 branch of the dungeon, and saw 4 of its levels.

You collected 98 gold pieces.

Inventory:

Hand Weapons
 a - a +0 falchion (weapon)
Armour
 i - a +0 scale mail (worn)
Scrolls
 e - 2 scrolls of enchant armour {unknown}
 h - a scroll of identify {unknown}
 l - a scroll of enchant weapon {unknown}
 m - a scroll of immolation {unknown}
Potions
 b - a potion of invisibility {unknown}
 d - 2 potions of curing {unknown}
 f - 2 potions of might {unknown}
 g - 2 potions of haste {unknown}
 j - a potion of degeneration {unknown}
Comestibles
 c - 5 rations
 k - a chunk of flesh


   Skills:
 + Level 4.1(9.1) Fighting
 + Level 3.3(8.3) Long Blades
 + Level 0.0(5.0) Armour
 + Level 3.0(8.0) Dodging
 - Level 3.3(8.3) Stealth
 + Level 0.0 Invocations


You had 3 spell levels left.
You didn't know any spells.
Your spell library was empty.

Dungeon Overview and Level Annotations

Branches:
Dungeon (3/15)

Altars:
Okawaru
Ru
Trog
Yredelemnul


Innate Abilities, Weirdness & Mutations

You are resistant to torment.
Your stone body is resilient. (AC +3)
You are immune to poison.
You resist negative energy. (rN+)
You are resistant to electric shocks. (rElec)
You can survive without breathing.
You are immune to petrification.
You are immune to rotting.


Message History

The iguana is heavily wounded.
The iguana bites you!
* * * LOW HITPOINT WARNING * * *
The crimson imp blinks!
You hit the iguana but do no damage.
The iguana is heavily wounded.
The iguana misses you.
You hit the iguana but do no damage.
The iguana is heavily wounded.
The iguana bites you.
* * * LOW HITPOINT WARNING * * *
The crimson imp hits you but does no damage.
You hit the iguana.
The iguana is severely wounded.
The iguana barely misses you.
The crimson imp hits you but does no damage.
You hit the iguana but do no damage.
The iguana is severely wounded.
The iguana bites you!
You die...

#.....#
#.....#
#.....+
#.....#
#.....#
#.....#######
#............
#..5@l....#
#.........#
#............
+............
#............
#............
##########...
...


You could see an iguana and a crimson imp.

Vanquished Creatures
  3 adders (D:2)
  An ooze (D:1)
  2 worms (D:2)
  4 dart slugs (D:1)
  A leopard gecko (D:1)
  7 bats
  3 giant cockroaches
  7 goblins (D:1)
  8 hobgoblins
  5 jackals
  6 kobolds
  2 quokkas
  2 frilled lizards
  5 rats
56 creatures vanquished.

Notes
Turn   | Place    | Note
-------+----------+-------------------------------------------
     0 | D:1      | Borgoz the Gargoyle Monk began the quest for the Orb.
     0 | D:1      | Reached XP level 1. HP: 14/14 MP: 1/1
   415 | D:1      | Reached XP level 2. HP: 19/19 MP: 2/2
   794 | D:1      | Reached XP level 3. HP: 23/23 MP: 3/3
  1672 | D:2      | Found a sacrificial altar of Ru.
  1766 | D:2      | Reached XP level 4. HP: 25/29 MP: 4/4
  2058 | D:2      | Found a faded altar of an unknown god.
  2131 | D:2      | Reached skill level 4 in Fighting
  2462 | D:2      | Found a bloodstained altar of Trog.
  2533 | D:3      | Found an iron altar of Okawaru.
  2581 | D:3      | Became a worshipper of Warmaster Okawaru
  2581 | D:3      | Reached * piety under Okawaru
  2581 | D:3      | Reached ** piety under Okawaru
  2769 | D:3      | Found a basalt altar of Yredelemnul.
  2772 | D:3      | You fall through a shaft for 2 floors!
  2772 | D:5      | Entered Level 5 of the Dungeon
  2792 | D:5      | Slain by an iguana

Skill      XL: |  1  2  3  4 |
---------------+-------------+-----
Long Blades    | 3 |  3.3
Stealth        | 3 |  3.3
Fighting       | 4 |  4.1
Dodging        | 3 |  3.0

Action                   |  1- 3 |  4- 6 || total
-------------------------+-------+-------++-------
Melee: Falchion          |   133 |   103 ||   236
Invok: Heroism           |       |     1 ||     1
 Stab: Sleeping          |     6 |       ||     6
       Paralysed         |     1 |       ||     1
  Eat: Chunk             |     3 |     3 ||     6
Armor: Robe              |    41 |       ||    41
       Scale mail        |    12 |    63 ||    75
       Ring mail         |     7 |       ||     7
Dodge: Dodged            |    89 |    66 ||   155
       Rpst.: Falchion   |    31 |    12 ||    43
